 Dungeon Crawl Stone Soup version 0.30-a0-782-ge64f9170bb (webtiles) character file.

Game seed: 12136929728188436365

30 DavidChitty2 the Sneak (level 3, 0/25 HPs)
             Began as an Octopode Brigand on Mar 15, 2023.
             Slain by an adder (2 damage)
             ... on level 2 of the Dungeon.
             The game lasted 00:01:55 (945 turns).

DavidChitty2 the Sneak (Octopode Brigand)            Turns: 945, Time: 00:01:56

Health: 0/25       AC:  1    Str: 16    XL:     3   Next: 18%
Magic:  3/3        EV: 13    Int: 13    God:
Gold:   47         SH:  0    Dex: 15    Spells: 2/2 levels left

rFire   . . .      SeeInvis +    b - +0 sling
rCold   . . .      Faith    .    (no shield)
rNeg    . . .      Spirit   .    (helmet restricted)
rPois   .          Reflect  .    (no amulet)
rElec   .          Harm     .    h - +6 ring of strength
rCorr   .          Rampage  .    z - ring of see invisible
Will    .....                    (no ring)
Stlth   ++++                     (no ring)
HPRegen 0.24/turn                (no ring)
MPRegen 0.08/turn                (no ring)
                                 (no ring)
                                 (no ring)

@: brilliant, lethally poisoned (0 -> -10)
A: almost no armour, amphibious, 8 rings, camouflage 1, gelatinous body 1,
(nimble swimmer 1), tentacles
a: no special abilities


You were on level 2 of the Dungeon.
You visited 1 branch of the dungeon, and saw 2 of its levels.

You collected 47 gold pieces.

Inventory:

Hand Weapons
 a - a +2 dagger
 b - a +0 sling (weapon)
   (You found it on level 1 of the Dungeon)
Missiles
 c - 3 curare-tipped darts {!f}
 d - 9 poisoned darts
Jewellery
 h - a +6 ring of strength (left tentacle)
   (You found it on level 1 of the Dungeon)
 z - a ring of see invisible (right tentacle)
   (You found it on level 2 of the Dungeon)
Scrolls
 e - 7 scrolls of identify {unknown}
 g - a scroll of enchant armour {unknown}
 k - a scroll of noise {unknown}
Potions
 f - a potion of flight {unknown}
 i - a potion of mutation {unknown}


   Skills:
 + Level 2.3 Fighting
 + Level 2.2 Short Blades
 + Level 2.3 Throwing
 + Level 1.4 Dodging
 * Level 5.8 Stealth


You had 2 spell levels left.
You didn't know any spells.
Your spell library contained the following spells:

 Spells                   Type           Power      Damage    Failure   Level
 Ensorcelled Hibernation  Hex/Ice        0%         N/A       43%         2
 Passwall                 Tmut/Erth      0%         N/A       43%         2
 Swiftness                Air            0%         N/A       67%         3


Dungeon Overview and Level Annotations

Branches:
Dungeon (2/15)

Altars:
Makhleb


Innate Abilities, Weirdness & Mutations

You cannot wear most types of armour.
You are amphibious.
You can wear up to eight rings at the same time.
Your skin changes colour to match your surroundings (Stealth+).
Your rubbery body absorbs attacks. (AC +1, EV +1)
((You are camouflaged when in or above water. (Stealth+)))
You have tentacles for arms and can constrict up to eight enemies at once.


Message History

You shoot a sling bullet. The sling bullet hits the bat.
You kill the bat!
No target in view!
No target in view!
z - a ring of see invisible
z - a ring of see invisible (right tentacle)
e - 7 scrolls labelled DOIKAU XITER (gained 3)
An endoplasm comes into view.
You shoot a sling bullet. The endoplasm quivers.
The sling bullet hits the endoplasm.
You shoot a sling bullet. The sling bullet hits the endoplasm.
You kill the endoplasm!
No target in view!
No target in view!
An adder and an endoplasm come into view.
You shoot a sling bullet.
The sling bullet barely misses the adder.
The endoplasm quivers.
You shoot a sling bullet.
The sling bullet closely misses the adder.
You shoot a sling bullet.
The sling bullet barely misses the adder.
The adder barely misses you. The adder bites you.
You are poisoned.
The adder poisons you!
You shoot a sling bullet.
The sling bullet barely misses the adder.
The sling bullet hits the endoplasm but does no damage.
You feel sick. The adder bites you.
You are more poisoned.
The adder poisons you! The adder bites you.
You shoot a sling bullet.
The sling bullet barely misses the adder.
The sling bullet hits the endoplasm.
You feel very sick. The adder bites you.
* * * LOW HITPOINT WARNING * * *
You are lethally poisoned!
The adder poisons you!
It was a potion of brilliance.
You feel clever all of a sudden.
* * * LOW HITPOINT WARNING * * *
You feel very sick. The adder closely misses you. The endoplasm freezes you.
You are frozen.
* * * LOW HITPOINT WARNING * * *
The adder bites you.
You die...

.### #########....
............
........... ..........
......### #JS.....#
.#######@#####.#
................
..#.#######.#..##.#
...............##+####
#..###.............#
#......##..........+
.........##..#.......#
.........##..........#
...#.....##..........#


You could see an adder and an endoplasm.

Vanquished Creatures
  2 dart slugs (D:1)
  2 ball pythons (D:1)
  3 endoplasms
  A giant cockroach (D:1)
  3 hobgoblins
  4 jackals (D:1)
  2 bats
  A frilled lizard (D:1)
  A goblin (D:1)
  2 kobolds (D:1)
  2 rats (D:1)
  A spectral kobold (D:1)
24 creatures vanquished.

Notes
Turn   | Place    | Note
-------+----------+-------------------------------------------
     0 | D:1      | DavidChitty2 the Octopode Brigand began the quest for the
                  | Orb.
     0 | D:1      | Reached XP level 1. HP: 14/14 MP: 1/1
   181 | D:1      | Reached XP level 2. HP: 17/19 MP: 2/2
   351 | D:1      | Found a faded altar of an unknown god.
   647 | D:1      | Reached XP level 3. HP: 19/24 MP: 3/3
   851 | D:2      | Found a burning altar of Makhleb.
   945 | D:2      | Slain by an adder

Illustrated notes

Levels and vault maps discovered:
D:1:      dpeg_arrival_rooms_b, layout_loops_ring,
          dreamdust_ecumenical_altar_drowned_temple, minivault_27,
          hangedman_decor_clover_reticule
D:2:      layout_basic, basic_altar, uniq_terence

Action                     || total
---------------------------++-------
  Melee: Dagger            ||    15
         Constrict         ||     5
         Tentacles         ||     3
   Fire: Sling             ||    56
  Throw: Stone             ||     8
         Dart              ||     1
    Use: Potion            ||     1
   Stab: Sleeping          ||     1
 Armour: Skin              ||     7
  Dodge: Dodged            ||    27

Table legend: (Time is in decaauts)
 A = Elapsed time spent in this place.
 B = Non-inter-level travel time spent in this place.
 C = Inter-level travel time spent in this place.
 D = Time resting spent in this place.
 E = Time spent auto-exploring this place.
 F = Levels seen in this place.
 G = Mean time per level.
                   A        B        C        D        E       F      G
               +--------+--------+--------+--------+--------+-----+--------+
         Total |    963 |    936 |     27 |      9 |    708 |   2 |  481.5 |
       Dungeon |    963 |    936 |     27 |      9 |    708 |   2 |  481.5 |
               +--------+--------+--------+--------+--------+-----+--------+

Top non-repeatable levels by time:
     D:1: 861 daAuts
     D:2: 102 daAuts
